 Dungeon Sprint DCSS version 0.29.1-2-gbd0b4ee654 (webtiles) character file.

Game seed: 8972071925448721626

370 ChickenMitten the Destroyer (level 6, -4/33 HPs)
             Began as a Deep Elf Conjurer on Nov 14, 2022.
             Was an Initiate of Vehumet.
             Slain by an orc warrior
             ... wielding a +0 short sword
              (5 damage)
             ... in the Dungeon (Sprint IX: "|||||||||||||||||||||||||||||").
             The game lasted 00:01:52 (478 turns).

ChickenMitten the Destroyer (Deep Elf Conjurer)      Turns: 478, Time: 00:01:53

Health: -4/33      AC:  2    Str:  4    XL:     6   Next: 42%
Magic:  7/17       EV: 16    Int: 28    God:    Vehumet [......]
Gold:   0          SH:  0    Dex: 13    Spells: 14/17 levels left

rFire   . . .      SeeInvis .   h - +0 dagger
rCold   . . .      Faith    .   (no shield)
rNeg    . . .      Spirit   .   a - +0 robe
rPois   .          Reflect  .   (no helmet)
rElec   .          Harm     .   (no cloak)
rCorr   .          Rampage  .   (no gloves)
Will    .....      NoTele   +   (no boots)
Stlth   +++.......              (no amulet)
HPRegen 0.11/turn               l - +2 ring of evasion
MPRegen 0.15/turn               m - +3 ring of intelligence

@: no status effects
A: no striking features
a: Renounce Religion


You were in the Dungeon.
You worshipped Vehumet.
Vehumet was noncommittal.
You visited 1 branch

Inventory:

Hand Weapons
 h - a +0 dagger (weapon)
Armour
 a - a +0 robe (worn)
Jewellery
 l - a +2 ring of evasion (left hand)
 m - a +3 ring of intelligence (right hand)
Wands
 k - a wand of quicksilver (10)
Scrolls
 g - 2 scrolls of blinking
 j - 2 scrolls of amnesia
Potions
 b - 5 potions of magic
 c - 5 potions of curing
 d - 3 potions of heal wounds
 e - a potion of haste
 f - a potion of berserk rage
 i - a potion of invisibility


   Skills:
 + Level 0.8 Fighting
 + Level 6.7 Dodging
 + Level 4.6 Stealth
 + Level 2.1 Unarmed Combat
 + Level 6.4 Spellcasting
 + Level 12.8 Conjurations


You had 14 spell levels left.
You knew the following spells:

 Your Spells              Type           Power      Damage    Failure   Level
a - Magic Dart            Conj           100%       1d8       1%          1
b - Searing Ray           Conj           100%       2d8       1%          2

Your spell library contained the following spells:

 Spells                   Type           Power      Damage    Failure   Level
 Dazzling Flash           Conj/Hex       88%        N/A       1%          3
 Fulminant Prism          Conj/Hex       22%        3d13      4%          4
 Iskenderun's Mystic Bla  Conj/Tloc      44%        2d10      4%          4


Dungeon Overview and Level Annotations

Branches:
Dungeon (1/1)

Altars:
Cheibriados
Dithmenos
Elyvilon
Fedhas
Gozag
Hepliaklqana
Kikubaaqudgha
Makhleb
Nemelex Xobeh
Okawaru
Qazlal
Ru
Sif Muna
Trog
Uskayaw
Vehumet
Wu Jian
Xom
Yredelemnul
Zin
The Shining One
Jiyva
Lugonu


Message History

The searing ray hits the howler monkey.
The howler monkey is moderately wounded.
The orc warrior misses you.
Casting: Searing Ray (safe; 1% risk of failure)
Confirm with . or Enter, or press ? or * to list all spells.
Restarting spell: Searing Ray (safe; 1% risk of failure)
Press: ? - help, Shift-Dir - straight line, f/p - orc warrior
Aim: an orc warrior, wielding a +0 flail and wearing a +0 plate armour (heavily wounded, 83% to hit)
The searing ray hits the orc warrior.
The orc warrior is severely wounded.
The searing ray hits the orc warrior!
The orc warrior is severely wounded.
The searing ray hits the gnoll sergeant!
The gnoll sergeant is heavily wounded.
The searing ray hits the howler monkey!
You kill the howler monkey!
Vehumet accepts your kill. (Press . to maintain the ray.)
The orc warrior misses you.
Your Dodging skill increases to level 6!
You have reached level 6!
The searing ray hits the orc warrior!
You kill the orc warrior!
Vehumet accepts your kill.
The searing ray hits the orc warrior but does no damage.
The orc warrior is severely wounded.
The searing ray hits the gnoll sergeant.
The gnoll sergeant is heavily wounded.
Your Unarmed Combat skill increases to level 2!
Your Spellcasting skill increases to level 6!
Your Conjurations skill increases to level 12!
Unknown command.
The searing ray hits the orc warrior.
The orc warrior is severely wounded.
The searing ray hits the gnoll sergeant but does no damage.
The gnoll sergeant is heavily wounded.
The gnoll sergeant hits you from afar with a +0 spear!
* * * LOW HITPOINT WARNING * * *
The orc warrior hits you with a +0 short sword.
You die...

▓.▓
▓.▓
▓)▓
▓.▓
▓[▓
▓[▓
▓[▓
▓.▓
▓@▓
▓o▓
▓g▓
▓.▓
▓Y▓
▓.▓
▓.▓
▓.▓


You could see a yak, an orc warrior and a gnoll sergeant.

Vanquished Creatures
  An orc warrior (D)
  An ogre (D)
  A phantom (D)
  A howler monkey (D)
  A hound (D)
  An iguana (D)
  An adder (D)
  A dart slug (D)
  2 bats (D)
  An endoplasm (D)
  A goblin (D)
12 creatures vanquished.

Notes
Turn   | Place    | Note
-------+----------+-------------------------------------------
     0 | D        | ChickenMitten the Deep Elf Conjurer began the quest for the
                  | Orb.
     0 | D        | Reached XP level 1. HP: 10/10 MP: 6/6
     8 | D        | Reached skill level 5 in Conjurations
    45 | D        | Reached XP level 2. HP: 2/15 MP: 0/8
    51 | D        | Learned a level 2 spell: Searing Ray
   310 | D        | Noticed a phantom
   310 | D        | Noticed an ogre
   314 | D        | Killed an ogre
   315 | D        | Reached skill level 1 in Unarmed Combat
   315 | D        | Reached skill level 9 in Conjurations
   315 | D        | Reached XP level 3. HP: 12/19 MP: 2/11
   315 | D        | Reached XP level 4. HP: 15/24 MP: 2/12
   316 | D        | Reached skill level 5 in Dodging
   316 | D        | Reached skill level 5 in Spellcasting
   316 | D        | Reached skill level 10 in Conjurations
   316 | D        | Reached XP level 5. HP: 17/28 MP: 1/14
   316 | D        | Killed a phantom
   317 | D        | Reached skill level 11 in Conjurations
   425 | D        | Found a snail-covered altar of Cheibriados.
   425 | D        | Found a shadowy altar of Dithmenos.
   425 | D        | Found a white marble altar of Elyvilon.
   425 | D        | Found a blossoming altar of Fedhas.
   425 | D        | Found an opulent altar of Gozag.
   426 | D        | Found a hazy altar of Hepliaklqana.
   427 | D        | Found a viscous altar of Jiyva.
   428 | D        | Found an ancient bone altar of Kikubaaqudgha.
   429 | D        | Found a corrupted altar of Lugonu.
   430 | D        | Found a burning altar of Makhleb.
   431 | D        | Found a sparkling altar of Nemelex Xobeh.
   432 | D        | Found an iron altar of Okawaru.
   433 | D        | Found a stormy altar of Qazlal.
   434 | D        | Found a sacrificial altar of Ru.
   435 | D        | Found a shimmering blue altar of Sif Muna.
   436 | D        | Found a bloodstained altar of Trog.
   437 | D        | Found a hide-covered altar of Uskayaw.
   438 | D        | Found a radiant altar of Vehumet.
   439 | D        | Found an ornate altar of the Wu Jian Council.
   440 | D        | Found a shimmering altar of Xom.
   441 | D        | Found a basalt altar of Yredelemnul.
   442 | D        | Found a glowing silver altar of Zin.
   443 | D        | Found a glowing golden altar of the Shining One.
   448 | D        | Became a worshipper of Vehumet
   472 | D        | Noticed an orc warrior
   472 | D        | Noticed an orc warrior
   472 | D        | Noticed a shadow
   472 | D        | Noticed a yak
   477 | D        | Reached XP level 6. HP: 12/33 MP: 9/16
   477 | D        | Killed an orc warrior
   478 | D        | Reached skill level 12 in Conjurations
   478 | D        | HP: 1/33 [gnoll sergeant/+0 spear (11)]
   478 | D        | Slain by an orc warrior

Illustrated notes

Levels and vault maps discovered:
D:        linesprint [early_d, line_temple, items_1, d_10, items_2, lair_1,
          lair_end, items_3, orc_1, orc_end, items_4, d_15, swamp_1, shoals_1,
          snake_1, spider_1, d_20, vaults_1, items_5, swamp_end, shoals_end,
          snake_end, spider_end, vaults_end, d_27, items_6, zot_1, zot_end,
          crypt_end, forest_end, elf_end, slime_end, tomb_end, abyss_end,
          pan_hell_end]

Skill      XL: |  1  2  3  4  5  6 |
---------------+-------------------+-----
Conjurations   | 5 9 10 11 12 | 12.8
Dodging        | 4 5 6 |  6.7
Stealth        | 3 4 |  4.6
Unarmed Combat | 1 2 |  2.1
Spellcasting   | 4 5 6 |  6.4
Fighting       | |  0.8

Action                   |  1- 3 |  4- 6 || total
-------------------------+-------+-------++-------
Melee: Unarmed           |    16 |       ||    16
 Cast: Magic Dart        |    10 |       ||    10
       Searing Ray       |     2 |     2 ||     4
Armor: Robe              |    10 |       ||    10
Dodge: Dodged            |    18 |     4 ||    22
